 Dungeon Crawl Stone Soup version 0.21-a0-404-g291f19a (webtiles) character file.

419 uglyjohn the Chiller (level 6, -1/44 HPs)
             Began as a Gnoll Ice Elementalist on Oct 26, 2017.
             Killed from afar by an orc wizard (10 damage)
             ... with a magic dart
             ... on level 4 of the Dungeon.
             The game lasted 00:09:41 (3770 turns).

uglyjohn the Chiller (Gnoll Ice Elementalist)       Turns: 3770, Time: 00:09:42

Health: -1/44      AC: 13    Str: 10    XL:     6   Next: 93%
Magic:  12/14      EV: 11    Int: 19    God:
Gold:   112        SH:  0    Dex: 16    Spells: 12/15 levels left

rFire    + . .     SeeInvis .   u - +0 flail (protect)
rCold    + . .     Gourm    .   (no shield)
rNeg     . . .     Faith    .   v - +1 scale mail {rC+}
rPois    .         Spirit   .   (no helmet)
rElec    .         Reflect  .   (no cloak)
rCorr    .         Harm     .   o - +0 pair of gloves
MR       .....                  (no boots)
Stlth    ++........             (no amulet)
HPRegen  0.14/turn              t - ring of protection from fire
MPRegen  0.14/turn              f - +5 ring of protection

@: no status effects
A: distributed training, fangs 1, strong nose
a: no special abilities


You were on level 4 of the Dungeon.
You were hungry.

You visited 1 branch of the dungeon, and saw 4 of its levels.

You collected 112 gold pieces.

Inventory:

Hand Weapons
 d - a +0 whip of electrocution
 u - a +0 flail of protection (weapon)
Armour
 a - a +0 robe
 h - a +0 leather armour
 n - a +0 ring mail
 o - a +0 pair of gloves (worn)
 v - a +1 scale mail of cold resistance (worn)
Jewellery
 f - a +5 ring of protection (right hand)
 t - a ring of protection from fire (left hand)
Scrolls
 g - 2 scrolls of amnesia
 k - 2 scrolls of remove curse
Potions
 e - a potion of resistance
 j - a potion of lignification
 l - a potion of agility {unknown}
 q - a potion of berserk rage
 r - a potion of heal wounds
 s - a potion of curing
Books
 b - a book of Frost

   Spells                             Type                      Level
   a - Freeze                         Ice                          1
   b - Throw Frost                    Conjuration/Ice              2
   c - Ozocubu's Armour               Charms/Ice                   3
   d - Throw Icicle                   Conjuration/Ice              4
   e - Summon Ice Beast               Ice/Summoning                4
 p - a book of Conjurations

   Spells                             Type                      Level
   a - Magic Dart                     Conjuration                  1
   b - Searing Ray                    Conjuration                  2
   c - Dazzling Spray                 Conjuration/Hexes            3
   d - Fulminant Prism                Conjuration/Hexes            4
   e - Force Lance                    Conjuration/Translocation    4
   f - Iskenderun's Mystic Blast      Conjuration                  4
Comestibles
 c - 3 bread rations
 i - 2 royal jellies
 m - 5 fruits


   Skills:
 + Level 2.1 Fighting
 + Level 2.1 Short Blades
 + Level 2.1 Long Blades
 + Level 2.1 Axes
 + Level 2.1 Maces & Flails
 + Level 2.1 Polearms
 + Level 2.1 Staves
 + Level 2.1 Slings
 + Level 2.1 Bows
 + Level 2.1 Crossbows
 + Level 2.1 Throwing
 + Level 2.1 Armour
 + Level 5.0 Dodging
 + Level 4.7 Stealth
 + Level 2.1 Shields
 + Level 2.1 Unarmed Combat
 + Level 5.4 Spellcasting
 + Level 2.7 Conjurations
 + Level 1.7 Hexes
 + Level 1.7 Charms
 + Level 1.7 Summonings
 + Level 1.7 Necromancy
 + Level 1.7 Translocations
 + Level 1.7 Transmutations
 + Level 1.7 Fire Magic
 + Level 5.7 Ice Magic
 + Level 1.7 Air Magic
 + Level 1.7 Earth Magic
 + Level 1.7 Poison Magic
 + Level 2.3 Invocations
 + Level 2.1 Evocations


You had 12 spell levels left.
You knew the following spells:

 Your Spells              Type           Power        Failure   Level  Hunger
a - Freeze                Ice            ####         8%          1    None
b - Throw Frost           Conj/Ice       ###...       21%         2    None


Dungeon Overview and Level Annotations

Branches:
Dungeon (4/15)
 Temple: D:4-7

Altars:
Trog
Xom
Zin


Innate Abilities, Weirdness & Mutations

Your experience applies equally to all skills.
You have very sharp teeth.
Your uncanny sense of smell can sniff out nearby items.


Message History

Confirm with . or Enter, or press ? or * to list all spells.
Aiming: Freeze
Press: ? - help, Shift-Dir - straight line, f/p - orc warrior
Aim: an orc warrior, wielding a scimitar and wearing a chain mail (severely wounded)
You freeze the orc warrior.
The orc warrior is severely wounded.
The orc warrior hits you with a scimitar!
* * * LOW HITPOINT WARNING * * *
Okay, then.
Unknown command.
A bat comes into view.
The orc wizard casts a spell.
The orc wizard seems to speed up.
The bat hits you but does no damage. The bat barely misses you.
The orc wizard gestures wildly while chanting.
The orc wizard blinks!
The orc wizard barely misses you. The bat hits you but does no damage.
The orc wizard closely misses you.
The orc wizard points at you and mumbles some strange words.
The magic dart hits you!
You die...

#...#...# # #
#..#o#..# #
#.####o#### #
###.#.#...###
............#
#..#....o...#
#........o..#
#.#####b..### # #
#.@.# #
######.#########
#
................#
### #
.#########.####.#
#.. # #># #.# #.#
# #.# #.# #.# #
#.# #.# ##.###
###.####.###...##
#............#...


You could see an orc warrior, an orc wizard, 2 orcs and a bat.

Vanquished Creatures
  The ghost of Atlas the Ruffian, an amateur DrTm of Okawaru (D:3)
  A scorpion (D:4)
  A water moccasin skeleton (D:2)
  A centaur skeleton (D:4)
  A worker ant (D:4)
  Terence (D:3)
  4 adders
  An ooze (D:1)
  2 worms (D:2)
  A dart slug (D:1)
  A leopard gecko (D:1)
  An orc (D:4)
  2 giant cockroaches (D:1)
  5 goblins
  10 hobgoblins
  8 jackals
  8 kobolds
  2 ball pythons
  4 bats (D:2)
  6 frilled lizards
  A quokka skeleton (D:4)
  15 rats
77 creatures vanquished.

Notes
Turn   | Place    | Note
-------+----------+-------------------------------------------
     0 | D:1      | uglyjohn the Gnoll Ice Elementalist began the quest for the Orb.
     0 | D:1      | Reached XP level 1. HP: 13/13 MP: 6/6
   367 | D:1      | Reached XP level 2. HP: 19/19 MP: 7/7
   374 | D:1      | Learned a level 2 spell: Throw Frost
   772 | D:1      | Reached XP level 3. HP: 25/25 MP: 0/9
   971 | D:1      | Reached skill level 5 in Spellcasting
  1232 | D:2      | Reached skill level 1 in Invocations
  1788 | D:2      | Reached skill level 1 in Fighting
  1788 | D:2      | Reached skill level 1 in Short Blades
  1788 | D:2      | Reached skill level 1 in Long Blades
  1788 | D:2      | Reached skill level 1 in Axes
  1788 | D:2      | Reached skill level 1 in Maces & Flails
  1788 | D:2      | Reached skill level 1 in Polearms
  1788 | D:2      | Reached skill level 1 in Staves
  1788 | D:2      | Reached skill level 1 in Slings
  1788 | D:2      | Reached skill level 1 in Bows
  1788 | D:2      | Reached skill level 1 in Crossbows
  1788 | D:2      | Reached skill level 1 in Throwing
  1788 | D:2      | Reached skill level 1 in Armour
  1788 | D:2      | Reached skill level 1 in Shields
  1788 | D:2      | Reached skill level 1 in Unarmed Combat
  1788 | D:2      | Reached skill level 1 in Evocations
  1788 | D:2      | Reached XP level 4. HP: 32/32 MP: 8/11
  1800 | D:2      | Reached skill level 1 in Hexes
  1800 | D:2      | Reached skill level 1 in Charms
  1800 | D:2      | Reached skill level 1 in Summonings
  1800 | D:2      | Reached skill level 1 in Necromancy
  1800 | D:2      | Reached skill level 1 in Translocations
  1800 | D:2      | Reached skill level 1 in Transmutations
  1800 | D:2      | Reached skill level 1 in Fire Magic
  1800 | D:2      | Reached skill level 1 in Air Magic
  1800 | D:2      | Reached skill level 1 in Earth Magic
  1800 | D:2      | Reached skill level 1 in Poison Magic
  2094 | D:2      | Reached XP level 5. HP: 36/37 MP: 12/12
  2231 | D:3      | Noticed Atlas's ghost (amateur DrTm)
  3002 | D:3      | Noticed Terence
  3012 | D:3      | Killed Terence
  3344 | D:3      | Found a bloodstained altar of Trog.
  3381 | D:3      | Killed Atlas's ghost
  3381 | D:3      | Reached XP level 6. HP: 33/44 MP: 4/14
  3478 | D:3      | Reached skill level 5 in Dodging
  3598 | D:4      | Found a glowing silver altar of Zin.
  3598 | D:4      | Noticed an angel
  3599 | D:4      | Found a shimmering altar of Xom.
  3738 | D:4      | Noticed an orc warrior
  3770 | D:4      | Killed from afar by an orc wizard

Vault maps used:
D:1:      scummos_arrival_star
D:2:      minivault_5, minivault_27
D:3:      lightli_temple_of_fire, uniq_terence
D:4:      grunt_temple_overflow_order_and_chaos_1, wad_rectangle_vault

Skill      XL: |  1  2  3  4  5  6 |
---------------+-------------------+-----
Conjurations   | 2 |  2.7
Spellcasting   | 5 |  5.4
Invocations    | 1 2 |  2.3
Fighting       | 1 2 |  2.1
Short Blades   | 1 2 |  2.1
Long Blades    | 1 2 |  2.1
Axes           | 1 2 |  2.1
Maces & Flails | 1 2 |  2.1
Polearms       | 1 2 |  2.1
Staves         | 1 2 |  2.1
Slings         | 1 2 |  2.1
Bows           | 1 2 |  2.1
Crossbows      | 1 2 |  2.1
Throwing       | 1 2 |  2.1
Armour         | 1 2 |  2.1
Shields        | 1 2 |  2.1
Unarmed Combat | 1 2 |  2.1
Evocations     | 1 2 |  2.1
Hexes          | 1 |  1.7
Charms         | 1 |  1.7
Summonings     | 1 |  1.7
Necromancy     | 1 |  1.7
Translocations | 1 |  1.7
Transmutations | 1 |  1.7
Fire Magic     | 1 |  1.7
Air Magic      | 1 |  1.7
Earth Magic    | 1 |  1.7
Poison Magic   | 1 |  1.7
Dodging        | 5 |  5.0
Stealth        | |  4.7
Ice Magic      | |  5.7

Action                   |  1- 3 |  4- 6 || total
-------------------------+-------+-------++-------
Melee: Whip              |    43 |    40 ||    83
       Bite              |     5 |     7 ||    12
       Unarmed           |     1 |       ||     1
       Flail             |       |    51 ||    51
 Cast: Freeze            |    31 |    43 ||    74
       Throw Frost       |     4 |     1 ||     5
  Use: Scroll            |       |     8 ||     8
       Potion            |       |     1 ||     1
 Stab: Sleeping          |     5 |     2 ||     7
  Eat: Chunk             |     3 |     5 ||     8
Armor: Robe              |     6 |       ||     6
       Ring mail         |     5 |     8 ||    13
       Scale mail        |       |    40 ||    40
       Leather armour    |       |     3 ||     3
Dodge: Dodged            |    48 |    79 ||   127

Table legend:
 A = Spawn XP
 B = Non-spawn XP
 C = Spawn XP percentage of total XP
 D = Spawn monster count
 E = Non-spawn monster count
 F = Spawn count percentage of total count
 G = Total turns spent on level
                    A         B        C        D         E        F      G
               +---------+---------+-------+---------+---------+-------+---------
         Total |       0 |     599 |   0.0 |       0 |      77 |   0.0 |  3770
               +---------+---------+-------+---------+---------+-------+---------
           D:1 |       0 |      40 |   0.0 |       0 |      21 |   0.0 |  1080
           D:2 |       0 |     151 |   0.0 |       0 |      31 |   0.0 |  1428
           D:3 |       0 |     259 |   0.0 |       0 |      19 |   0.0 |  1090
           D:4 |       0 |     149 |   0.0 |       0 |       6 |   0.0 |   172
               +---------+---------+-------+---------+---------+-------+---------
